Unix NetHack Version 3.7.0-88 Work-in-progress - last build Aug 6 2023 13:40:22 (5c9c4c7fffe0d5f0a8b1342c2a36a56ed743986a,branch:master). Game began 2023-08-07 08:32:46, ended 2023-08-07 10:51:33. Arasaka, neutral male gnomish Archeologist ---------- ---- |........--- ---|..--- ------ ---- |..-----...| ---.--....|---.--.-- -----..| |.-- ---h-- --.........--......)-------......---------- |.| |..-- |.............|..............**.*.........- --.| -----..---- --.........*---------------.......*------..- --..| --.---...|.--- |-..---..--- --........| -..- h --..-| |............| --....---.| -........-- -.( |....| |............-- |...-..--)| |...--....-- -- ----.| |.............| ---.......----- ....----....- |.| |.............| ----..---.....-- -..-- --@|.S| |^#----............| |.....| ----...---- --- ---.|..| ---|...| |...----.....---|.--.-- |........| -- ----...|--- |..|...| |.--- --......||.||..- |.......d|--.-----.|....-- |......| |..| ---.--.-|.|--.. |......---|....|.........| -- --....-- --.-- ---|..|.| ...|---..--- -.......>........--- |...-- |..| |.0..| ..-- ---- |..................-- --..| --..| ------ --- -...................-- ---- |...| |....--.<.............| --..| --.-- ---..--..--.----- ---- -- -------- -- Arasaka the Field Worker St:16 Dx:12 Co:11 In:12 Wi:12 Ch:11 Neutral Dlvl:3 $:493 HP:0(23) Pw:9(9) AC:1 Xp:3/78 T:2110 Blind Latest messages: You hit it. You miss it. You hit it. You hit it. You miss it. You kill it! You try to feel what is lying here on the floor. You feel here a floating eye corpse. There is a floating eye corpse here; eat it? [ynq] (n) This floating eye corpse is stringy. You finish eating the floating eye corpse. You feel a strange mental acuity. You hit the floating eye. You hit the floating eye. You miss the floating eye. You feel more confident in your weapon skills. You hit the floating eye. You are now most skilled in dagger. You hit the floating eye. You kill the floating eye! What do you want to eat? [d or ?*] Never mind. The giant bat bites! The giant bat just misses! You miss the giant bat. The giant bat misses! The giant bat bites! The giant bat bites! What do you want to wield? [- aeA or ?*] a - an uncursed +2 bullwhip (weapon in hand). The giant bat bites! The giant bat just misses! You lash the giant bat. The giant bat bites! The giant bat misses! Are you sure you want to pray? [yn] (n) You begin praying to Camaxtli. The giant bat starts to attack you, but pulls back. The giant bat starts to attack you, but pulls back. The giant bat starts to attack you, but pulls back. The giant bat starts to attack you, but pulls back. The giant bat starts to attack you, but pulls back. You finish your prayer. You feel that Camaxtli is well-pleased. You kill the giant bat! Wait! There's something there you can't see! You miss it. You kill it! You are splashed! You die... Inventory: Coins ('$') $ - 493 gold pieces Weapons (')') A - an uncursed +0 silver dagger a - an uncursed +2 bullwhip (weapon in hand) Armor ('[') s - an uncursed +3 orcish helm (being worn) w - an uncursed +0 pair of low boots (being worn) v - a cursed +0 leather cloak (being worn) u - an uncursed fireproof +0 studded leather armor (being worn) Comestibles ('%') d - 3 uncursed food rations Scrolls ('?') B - an uncursed scroll of identify Potions ('!') F - an uncursed potion of fruit juice I - a cursed potion of healing Wands ('/') H - an uncursed wand of cancellation (0:4) J - an uncursed wand of striking (0:4) Tools ('(') z - an empty uncursed sack i - an uncursed oil lamp e - an uncursed +0 pick-axe r - a cursed skeleton key f - an uncursed tinning kit (0:49) E - an uncursed towel (being worn) Gems/Stones ('*') G - an uncursed worthless piece of black glass K - an uncursed worthless piece of orange glass C - 2 uncursed worthless pieces of yellow glass g - an uncursed touchstone D - an uncursed touchstone Arasaka the Archeologist's attributes: Background: You were a Field Worker, a level 3 male gnomish Archeologist. You were neutral, on a mission for Camaxtli who was opposed by Quetzalcoatl (lawful) and Huhetotl (chaotic). You were in the Gnomish Mines, on level 3. You entered the dungeon 2110 turns ago. You had 78 experience points, 2 more were needed to attain level 4. Basics: You had 0 out of 23 hit points. You had all 9 energy points (spell power). Your armor class was 1. Your wallet contained 493 zorkmids. Autopickup was on for '$"?' plus thrown, with exceptions. Final Characteristics: Your strength was 16 (limit:18/50). Your dexterity was 12 (limit:18). Your constitution was 11 (limit:18). Your intelligence was 12 (limit:19). Your wisdom was 12 (limit:18). Your charisma was 11 (limit:18). Final Status: You were deliberately blind. You were not hungry. You were unencumbered. You were wielding a whip. You had basic skill with whip. Final Attributes: You were piously aligned. You were telepathic. You had automatic searching. You had infravision. You were warded. You are dead. Miscellaneous: You disabled loading of bones levels. Total elapsed playing time was 44 minutes and 41 seconds. Major events: Turn 1: Arasaka the neutral male gnomish Archeologist entered the dungeon 379: entered the Gnomish Mines 1841: attained the rank of Field Worker (level 3) 2110: killed by an acid blob Vanquished creatures: a gnome leader a gnomish wizard 2 floating eyes a giant bat an acid blob 2 hobbits a large kobold 4 gnomes 2 garter snakes a gnome zombie 2 geckos 4 jackals a fox a kobold 2 goblins 7 grid bugs 5 lichens 3 kobold zombies 6 newts 47 creatures vanquished. No species were genocided or became extinct. Voluntary challenges: You read items or engraved 3 times. You never engraved Elbereth. You never genocided any monsters. You never polymorphed an object. You never changed form. You used no wishes. Achievements: You entered the Gnomish Mines. You entered a shop. You attained the rank of Field Worker. The Dungeons of Doom: levels 1 to 4 Level 1: A fountain. Level 2: Stairs down to The Gnomish Mines. Level 3: A general store, a fountain. Level 4: "s" The Gnomish Mines: levels 3 to 4 Level 3: <- You were here. Final resting place for you, killed by an acid blob. Level 4: Game over: ---------- / \ / REST \ / IN \ / PEACE \ / \ | Arasaka | | 493 Au | | killed by an | | acid blob | | | | | | 2023 | *| * * * | * _________)/\\_//(\/(/\)/\//\/|_)_______ Goodbye Arasaka the Archeologist... You died in The Gnomish Mines on dungeon level 3 with 906 points, and 493 pieces of gold, after 2110 moves. You were level 3 with a maximum of 23 hit points when you died.